 Dungeon Crawl Stone Soup version 0.30-a0-141-g30f27751c5 (webtiles) character file.

Game seed: 4586819711917377402

204 qw the Chopper (level 5, -4/32 HPs)
             Began as a Gargoyle Fighter on Sept 25, 2022.
             Was an Initiate of Okawaru.
             Slain by an ogre
             ... wielding a +0 giant spiked club
              (11 damage)
             ... on level 4 of the Dungeon.
             The game lasted 00:01:44 (5001 turns).

qw the Chopper (Gargoyle Fighter)                   Turns: 5001, Time: 00:01:44

Health: -4/32      AC: 13    Str: 21    XL:     5   Next: 82%
Magic:  5/5        EV:  7    Int:  5    God:    Okawaru [......]
Gold:   170        SH:  9    Dex: 19    Spells: 4/4 levels left

rFire   . . .      SeeInvis .    Y - +0 war axe
rCold   . . .      Faith    .    c - +0 buckler
rNeg    + . .      Spirit   .    f - +0 chain mail
rPois   inf        Reflect  .    (no helmet)
rElec   +          Harm     .    (no cloak)
rCorr   .          Rampage  .    (no gloves)
Will    .....                    (no boots)
Stlth   ..........               (no amulet)
HPRegen 0.10/turn                k - +6 ring of dexterity
MPRegen 0.09/turn                (no ring)

@: no status effects
A: sickness immunity, AC +4, negative energy resistance 1, electricity
resistance, torment resistance 1, petrification resistance, large bone plates 1,
agile 1, dopey 1
a: Renounce Religion


You were on level 4 of the Dungeon.
You worshipped Okawaru.
Okawaru was noncommittal.
You visited 2 branches of the dungeon, and saw 5 of its levels.

You collected 170 gold pieces.


Innate Abilities, Weirdness & Mutations

You are immune to sickness and miasma.
Your stone body is resilient. (AC +4)
You are immune to poison.
You resist negative energy. (rN+)
You are resistant to electric shocks. (rElec)
You are resistant to unholy torment.
You are immune to petrification.
You are partially covered in large bone plates. (SH +4)
You are agile. (Dex +4, Str/Int -1)
You are dopey. (Int -2)


   Skills:
 + Level 3.2 Fighting
 - Level 5.1 Axes
 - Level 3.2 Armour
 - Level 1.0 Dodging
 - Level 3.2 Shields


You had 4 spell levels left.
You didn't know any spells.
Your spell library was empty.

Inventory:

Hand Weapons
 e - a +0 morningstar
 Y - a +0 war axe (weapon)
Armour
 a - a +0 pair of boots
 c - a +0 buckler (worn)
 f - a +0 chain mail (worn)
Jewellery
 k - a +6 ring of dexterity (left hand)
Scrolls
 g - 6 scrolls of identify
Potions
 b - 2 potions of mutation
 d - 3 potions of might

Dungeon Overview and Level Annotations

Branches:
Dungeon (4/15)             Temple (1/1) D:4

Altars:
Ashenzari
Cheibriados
Dithmenos
Elyvilon
Fedhas
Gozag
Hepliaklqana
Kikubaaqudgha
Makhleb
Nemelex Xobeh
Okawaru
Qazlal
Ru
Sif Muna
Trog
Uskayaw
Vehumet
Wu Jian
Xom
Yredelemnul
The Shining One
Lugonu

Portals:
Abyss: D:3

Annotations:
D:3 2 runed translucent doors


Message History

You hit the iguana but do no damage.
The iguana is lightly wounded.
You block the iguana's attack.
The iguana bites you but does no damage.
You barely miss the iguana.
The iguana is lightly wounded.
The iguana bites you.
You hit the iguana.
The iguana is moderately wounded.
You block the iguana's attack.
You hit the iguana.
The iguana is heavily wounded.
The iguana bites you but does no damage.
You closely miss the iguana.
The iguana is heavily wounded.
The iguana bites you.
The iguana bites you but does no damage.
You slash the iguana!
You kill the iguana!
Okawaru accepts your kill.
Your Axes skill increases to level 5!
You start resting.
HP restored.
g - 6 scrolls of identify (gained 1)
An ogre comes into view. It is wielding a +0 giant spiked club.
Enter note: You slash the ogre!
The ogre is heavily wounded.
The ogre hits you but does no damage.
You hit the ogre but do no damage.
The ogre is heavily wounded.
The ogre hits you with a +0 giant spiked club!!
Ouch! That really hurt!
You slash the ogre!
The ogre is almost dead.
The ogre closely misses you.
You closely miss the ogre.
The ogre is almost dead.
The ogre hits you with a +0 giant spiked club!
You die...

..## .. #..#
##... ... .#
#..###..# ..##
#.# ##......#
...##.#
##..##..# ....#
..### #..##
....# ..#
#..######...####
.##
#..##....O.....#
.## #.......@##.
..## ##.#####..#
#..## #..# #.##
##..####.## #.#
###.##.## .##
##.#.# #. ##.##
#. #.# ## .##


You could see an ogre.

Vanquished Creatures
  An iguana (D:4)
  An orc wizard (D:2)
  An adder (D:2)
  3 gnolls (D:4)
  3 worms (D:2)
  2 dart slugs
  6 orcs
  6 ball pythons
  8 bats
  10 endoplasms
  5 giant cockroaches
  12 hobgoblins
  7 jackals
  2 quokkas (D:1)
  3 frilled lizards
  7 goblins
  11 kobolds
  4 rats
92 creatures vanquished.

Vanquished Creatures (others)
  2 fungi (D:2)
2 creatures vanquished.

Grand Total: 94 creatures vanquished

Notes
Turn   | Place    | Note
-------+----------+-------------------------------------------
     0 | D:1      | qw the Gargoyle Fighter began the quest for the Orb.
     0 | D:1      | Reached XP level 1. HP: 14/14 MP: 1/1
     0 | D:1      | 0 ||| qw: Version: 0.2-a-10-g399e6c4
     0 | D:1      | 0 ||| qw: Game counter: 369
     0 | D:1      | 0 ||| qw: Always use a shield: true
     0 | D:1      | 0 ||| qw: God list: Okawaru
     0 | D:1      | 0 ||| qw: Allow faded altars: false
     0 | D:1      | 0 ||| qw: Do Orc after D:15 true
     0 | D:1      | 0 ||| qw: Do second Lair branch before Depths: true
     0 | D:1      | 0 ||| qw: Lair rune preference: random
     0 | D:1      | 0 ||| qw: Plans: Normal, Zot:1-4, God:TSO, Crypt, Tomb,
                  | Pan, Slime:5, Hells, Abyss, Orb
     0 | D:1      | 0 ||| PLANNING D:1-11
    40 | D:1      | Reached skill level 2 in Axes
   147 | D:1      | Reached XP level 2. HP: 16/19 MP: 2/2
   209 | D:1      | You fall into a shaft and drop 1 floor!
   210 | D:2      | 210 ||| UPGRADING to +0 chain mail.
   220 | D:2      | 220 ||| DROPPING +0 scale mail.
   221 | D:2      | 221 ||| READING scroll labelled QYVUYQ NUTH.
   266 | D:1      | 266 ||| Stepping ~*~*~tactically~*~*~ (stealth).
   267 | D:1      | 267 ||| Stepping ~*~*~tactically~*~*~ (stealth).
   269 | D:1      | 269 ||| Stepping ~*~*~tactically~*~*~ (stealth).
   270 | D:1      | 270 ||| Stepping ~*~*~tactically~*~*~ (stealth).
   272 | D:1      | 272 ||| Stepping ~*~*~tactically~*~*~ (stealth).
   444 | D:1      | Reached skill level 3 in Axes
   555 | D:1      | Reached XP level 3. HP: 22/23 MP: 3/3
   631 | D:1      | 631 ||| Stepping ~*~*~tactically~*~*~ (stealth).
   632 | D:1      | 632 ||| Stepping ~*~*~tactically~*~*~ (stealth).
   779 | D:1      | 779 ||| Stepping ~*~*~tactically~*~*~ (hiding).
   968 | D:1      | 968 ||| Stepping ~*~*~tactically~*~*~ (stealth).
   969 | D:1      | 969 ||| Stepping ~*~*~tactically~*~*~ (stealth).
   970 | D:1      | 970 ||| Stepping ~*~*~tactically~*~*~ (stealth).
   971 | D:1      | 971 ||| Stepping ~*~*~tactically~*~*~ (stealth).
  1209 | D:1      | 1209 ||| READING scroll labelled OLUTITR SOGU.
  1210 | D:1      | 1210 ||| READING scroll labelled YGEITZ ZOUN.
  1375 | D:2      | 1375 ||| Stepping ~*~*~tactically~*~*~ (stealth).
  1376 | D:2      | 1376 ||| Stepping ~*~*~tactically~*~*~ (stealth).
  1448 | D:2      | Reached XP level 4. HP: 11/28 MP: 4/4
  2037 | D:2      | Reached skill level 4 in Axes
  2142 | D:2      | Noticed a shining eye
  2146 | D:2      | Found a faded altar of an unknown god.
  2149 | D:2      | Noticed a great orb of eyes
  2155 | D:2      | Noticed a golden eye
  2168 | D:2      | Noticed an eye of devastation
  2509 | D:2      | 2509 ||| UPGRADING to amulet of guardian spirit.
  2514 | D:2      | 2514 ||| READING scroll labelled WAXTYP NUESANA.
  2518 | D:2      | 2518 ||| READING scroll labelled DAUMAQOEST.
  2519 | D:2      | 2519 ||| DRINKING 3 red potions.
  2519 | D:2      | Gained mutation: You are dopey. (Int -2) [potion of
                  | mutation]
  2519 | D:2      | Gained mutation: You are agile. (Dex +4, Str/Int -1)
                  | [potion of mutation]
  2519 | D:2      | Gained mutation: You are partially covered in large bone
                  | plates. (SH +4) [potion of mutation]
  2520 | D:2      | 2520 ||| DRINKING 2 clear potions.
  2555 | D:3      | 2555 ||| STAIRDANCE
  2568 | D:3      | 2568 ||| FLEEEEING.
  2569 | D:3      | 2569 ||| STAIRDANCE
  2703 | D:3      | 2703 ||| STAIRDANCE
  2745 | D:3      | 2745 ||| STAIRDANCE
  2747 | D:3      | 2747 ||| DRINKING potion of curing.
  2747 | D:3      | 2747 ||| (to cure confusion)
  2748 | D:3      | 2748 ||| STAIRDANCE
  2776 | D:2      | Reached XP level 5. HP: 12/32 MP: 1/5
  3023 | D:3      | 3023 ||| Stepping ~*~*~tactically~*~*~ (stealth).
  3038 | D:3      | 3038 ||| Stepping ~*~*~tactically~*~*~ (stealth).
  3039 | D:3      | 3039 ||| Stepping ~*~*~tactically~*~*~ (stealth).
  3099 | D:3      | 3099 ||| Stepping ~*~*~tactically~*~*~ (stealth).
  3239 | D:3      | Found a large runed translucent door.
  3239 | D:3      | Found a large runed translucent door.
  3243 | D:3      | Found a corrupted altar of Lugonu.
  3300 | D:3      | 3300 ||| Stepping ~*~*~tactically~*~*~ (stealth).
  3332 | D:3      | 3332 ||| Stepping ~*~*~tactically~*~*~ (stealth).
  3333 | D:3      | 3333 ||| Stepping ~*~*~tactically~*~*~ (stealth).
  3350 | D:3      | 3350 ||| Stepping ~*~*~tactically~*~*~ (stealth).
  3384 | D:3      | Found a one-way gate to the infinite horrors of the Abyss.
  3529 | D:3      | 3529 ||| UPGRADING to +6 ring of dexterity.
  3530 | D:3      | 3530 ||| READING scroll labelled WALITHR LUEH.
  3531 | D:3      | 3531 ||| READING scroll labelled JASTOR XINNONE.
  3576 | D:4      | 3576 ||| Stepping ~*~*~tactically~*~*~ (hiding).
  3687 | D:4      | Reached skill level 1 in Dodging
  3689 | D:4      | 3689 ||| DROPPING +0 whip of holy wrath.
  4026 | D:4      | Found a staircase to the Ecumenical Temple.
  4027 | D:4      | 4027 ||| PLANNING TEMPLE
  4027 | D:4      | 4027 ||| DROPPING amulet of faith.
  4028 | D:4      | 4028 ||| READING scroll labelled XOERCH UCIRE.
  4136 | D:4      | 4136 ||| FLEEEEING.
  4139 | D:4      | 4139 ||| FLEEEEING.
  4140 | D:4      | 4140 ||| FLEEEEING.
  4141 | D:4      | 4141 ||| FLEEEEING.
  4142 | D:4      | 4142 ||| FLEEEEING.
  4143 | D:4      | 4143 ||| FLEEEEING.
  4144 | D:4      | 4144 ||| FLEEEEING.
  4145 | D:4      | 4145 ||| FLEEEEING.
  4146 | D:4      | 4146 ||| FLEEEEING.
  4147 | D:4      | 4147 ||| FLEEEEING.
  4148 | D:4      | 4148 ||| FLEEEEING.
  4149 | D:4      | 4149 ||| FLEEEEING.
  4150 | D:4      | 4150 ||| FLEEEEING.
  4153 | D:4      | 4153 ||| FLEEEEING.
  4154 | D:4      | 4154 ||| FLEEEEING.
  4155 | D:4      | 4155 ||| FLEEEEING.
  4156 | D:4      | 4156 ||| FLEEEEING.
  4157 | D:4      | 4157 ||| FLEEEEING.
  4158 | D:4      | 4158 ||| FLEEEEING.
  4159 | D:4      | 4159 ||| FLEEEEING.
  4160 | D:4      | 4160 ||| FLEEEEING.
  4161 | D:4      | 4161 ||| FLEEEEING.
  4162 | D:4      | 4162 ||| FLEEEEING.
  4163 | D:4      | 4163 ||| FLEEEEING.
  4164 | D:4      | 4164 ||| FLEEEEING.
  4165 | D:4      | 4165 ||| FLEEEEING.
  4166 | D:4      | 4166 ||| FLEEEEING.
  4167 | D:4      | 4167 ||| FLEEEEING.
  4168 | D:4      | 4168 ||| FLEEEEING.
  4169 | D:4      | 4169 ||| FLEEEEING.
  4170 | D:4      | 4170 ||| STAIRDANCE
  4197 | D:4      | 4197 ||| STAIRDANCE
  4260 | Temple   | Entered the Ecumenical Temple
  4437 | Temple   | 4437 ||| PLANNING OKAWARU WORSHIP
  4640 | Temple   | Became a worshipper of Warmaster Okawaru
  4641 | Temple   | 4641 ||| PLANNING D:1-11
  4641 | Temple   | 4641 ||| REMOVING amulet of guardian spirit.
  4646 | Temple   | 4646 ||| DROPPING amulet of guardian spirit.
  4690 | D:4      | 4690 ||| Stepping ~*~*~tactically~*~*~ (stealth).
  4699 | D:4      | 4699 ||| DROPPING +0 flail.
  4711 | D:4      | 4711 ||| Stepping ~*~*~tactically~*~*~ (stealth).
  4913 | D:4      | Reached skill level 5 in Axes
  4992 | D:4      | Noticed an ogre
  4999 | D:4      | HP: 6/32 [ogre/+0 giant spiked club (26)]
  5001 | D:4      | Slain by an ogre

Levels and vault maps discovered:
D:1:      dpeg_arrival_shelter, layout_loops_ring
D:2:      layout_loops_corners, hellmonk_ecumenical_altar_watching_god,
          minmay_misc_feat_encased, dreamdust_mushroom_princess,
          minmay_pentomino_z2
D:3:      due_chaos_kobolds, layout_basic
D:4:      layout_layer_cave, minmay_temple_entry_statues_pillars
Temple:   mainiacjoe_temple_trianglar_array

Skill      XL: |  1  2  3  4  5 |
---------------+----------------+-----
Axes           | 2 3 4 5 |  5.1
Dodging        | 1 |  1.0
Fighting       | |  3.2
Armour         | |  3.2
Shields        | |  3.2

Action                   |  1- 3 |  4- 6 || total
-------------------------+-------+-------++-------
Melee: War axe           |   153 |   135 ||   288
Throw: Boomerang         |       |    28 ||    28
  Use: Scroll            |     3 |     5 ||     8
       Potion            |       |     3 ||     3
Armor: Scale mail        |     9 |       ||     9
       Chain mail        |   104 |    73 ||   177
Dodge: Dodged            |    63 |    26 ||    89
Block: Buckler           |    31 |    47 ||    78

Table legend:
 A = Non-vault XP
 B = Vault XP
 C = Vault XP percentage of total XP
 D = Non-vault monster count
 E = Vault monster count
 F = Vault count percentage of total count
                 A         B        C        D         E       F
            +---------+---------+-------+---------+---------+-------
      Total |     288 |       4 |   1.4 |      90 |       2 |   2.2
            +---------+---------+-------+---------+---------+-------
        D:1 |      60 |       0 |   0.0 |      35 |       0 |   0.0
        D:2 |      99 |       4 |   3.9 |      23 |       2 |   8.0
        D:3 |      33 |       0 |   0.0 |      19 |       0 |   0.0
        D:4 |      96 |       0 |   0.0 |      13 |       0 |   0.0
            +---------+---------+-------+---------+---------+-------
